 Dungeon Crawl Stone Soup version 0.31-a0-182-gc5ef74bbde (webtiles) character file.

Game seed: 1082490253333419146

199263 qw the Severer (level 18, -19/116 HPs)
             Began as a Gargoyle Fighter on June 21, 2023.
             Was a High Priest of Okawaru.
             Demolished by a naga
             ... wielding a +0 glaive
              (33 damage)
             ... on level 4 of the Snake Pit.
             The game lasted 00:18:12 (29402 turns).

qw the Severer (Gargoyle Fighter)                  Turns: 29402, Time: 00:18:13

Health: -19/116    AC: 58    Str: 30    XL:     18   Next: 92%
Magic:  25/25      EV: 13    Int: 10    God:    Okawaru [*****.]
Gold:   764        SH: 23    Dex: 15    Spells: 17/17 levels left

rFire   + . .        y - +2 broad axe "Losmevuim" {spect, rF+ rC+ rCorr}
rCold   + . .        J - +0 tower shield of Day {Rampage rElec Stlth-}
rNeg    + + .        K - +3 crystal plate armour
rPois   inf          u - +1 helmet "Jina" {-Cast Rampage SInv}
rElec   +            c - +1 cloak of Experimentation {Str+3 Dex+4}
rCorr   +            E - +2 pair of gloves
SInv    +            t - +2 pair of boots
Will    +....        m - amulet of faith Stlth
                     L - +5 ring of evasion
HPRegen 0.39/turn    N - ring "Jute" {Drain rN+ Dex+2 Slay+3}
MPRegen 0.19/turn

%: no spellcasting, rampage, faith
@: about to teleport, heroic, weakened, flying, constricted
A: sickness immunity, AC +13, big wings, negative energy resistance 1,
electricity resistance, torment resistance 1, petrification resistance
a: Renounce Religion, Heroism, Finesse, Duel


You were on level 4 of the Snake Pit.
You worshipped Okawaru.
Okawaru was extremely pleased with you.
You visited 5 branches of the dungeon, and saw 29 of its levels.
You visited the Abyss 2 times.

You collected 3164 gold pieces.
You spent 2400 gold pieces at shops.


Innate Abilities, Weirdness & Mutations

You are immune to sickness and miasma.
Your stone body is resilient. (AC +13)
You are immune to poison.
Your large and strong wings let you fly.
You resist negative energy. (rN+)
You are resistant to electric shocks. (rElec)
You are resistant to unholy torment.
You are immune to petrification.


   Skills:
 - Level 14.0(19.0) Fighting
 - Level 18.0(23.0) Axes
 - Level 3.0(8.0) Throwing
 + Level 17.1(22.1) Armour
 - Level 5.1(10.1) Dodging
 - Level 18.0(23.0) Shields
 - Level 10.1 Invocations


You had 17 spell levels left.
You didn't know any spells.
Your spell library was empty.

Inventory:

Hand Weapons
 e - the +9 broad axe of Defiance {flame, rPois Str+3 Dex-4 SInv}
   (You acquired it on level 1 of the Dungeon)

   Str:       It affects your strength (+3).
   Dex:       It affects your dexterity (-4).
   rPois:     It protects you from poison.
   SInv:      It lets you see invisible.
 g - a +2 heavy broad axe
 y - the +2 broad axe "Losmevuim" (weapon) {spect, rF+ rC+ rCorr}
   (Okawaru gifted it to you on level 11 of the Dungeon)

   rF:        It protects you from fire.
   rC:        It protects you from cold.
   rCorr:     It protects you from acid and corrosion.
Missiles
 I - 12 boomerangs (quivered)
Armour
 b - a scarf of resistance
 c - the +1 cloak of Experimentation (worn) {Str+3 Dex+4}
   (Okawaru gifted it to you on level 5 of the Lair of Beasts)

   Str:       It affects your strength (+3).
   Dex:       It affects your dexterity (+4).
 i - +0 acid dragon scales
 t - a +2 pair of boots (worn)
 u - the +1 helmet "Jina" (worn) {-Cast Rampage SInv}
   (You bought it in a shop on level 5 of the Dungeon)

   SInv:      It lets you see invisible.
   -Cast:     It prevents spellcasting.
   Rampage:   It bestows one free step when moving towards enemies.
 E - a +2 pair of gloves (worn)
 H - a +3 plate armour of cold resistance
 J - the +0 tower shield of Day (worn) {Rampage rElec Stlth-}
   (You acquired it on level 14 of the Dungeon)

   rElec:     It insulates you from electricity.
   Rampage:   It bestows one free step when moving towards enemies.
   Stlth:     It makes you less stealthy.
 K - a +3 crystal plate armour (worn)
Jewellery
 a - a +6 ring of strength
 j - a ring of protection from fire
 k - a +4 ring of protection
 m - an amulet of faith (around neck)
 n - a ring of ice
 C - the ring "Fuwaex" {Ice Dex+2 SInv}
   (You acquired it on level 12 of the Dungeon)

   [ring of ice]

   It enhances your ice magic.
   Dex:       It affects your dexterity (+2).
   rF:        It makes you vulnerable to fire.
   rC:        It protects you from cold.
   SInv:      It lets you see invisible.
 L - a +5 ring of evasion (left hand)
 M - an amulet of reflection
 N - the ring "Jute" (right hand) {Drain rN+ Dex+2 Slay+3}
   (You bought it in a shop on level 2 of the Orcish Mines)

   [ring of positive energy]

   Dex:       It affects your dexterity (+2).
   Slay:      It affects your accuracy & damage with ranged weapons and melee
   (+3).
   rN:        It protects you from negative energy.
   Drain:     It drains your maximum health when unequipped.
Scrolls
 f - 12 scrolls of teleportation
 p - 14 scrolls of identify
 A - 3 scrolls of enchant weapon
Potions
 d - 5 potions of might
 h - 18 potions of curing
 l - 6 potions of haste
 o - 2 potions of heal wounds
 q - 8 potions of lignification
 r - 5 potions of mutation
 s - 5 potions of attraction
 w - 3 potions of magic
 z - 3 potions of resistance
 D - 8 potions of enlightenment
 G - a potion of cancellation

Dungeon Overview and Level Annotations

Branches:
Dungeon (15/15)            Temple (0/1) D:6            Lair (5/5) D:11
 Shoals (3/4) Lair:3        Snake (4/4) Lair:2        Slime (0/5) Lair:5
    Orc (2/2) D:12            Elf (0/3) Orc:2        Vaults (0/5) D:13
 Depths (0/4) D:15

Altars:
Ashenzari
Cheibriados
Dithmenos
Gozag
Kikubaaqudgha
Makhleb
Okawaru
Ru
Trog
Vehumet

Shops:
D:1 *   D:5 [   D:14 [   Orc:2 =:*(*   Snake:1 *

Portals:
Trove: D:14 (give +6 demon trident)

Annotations:
D:1 exclusion: quokka
D:3 3 runed translucent doors, qw's ghost, amateur GrFi
D:12 3 runed translucent doors, Suyxal's ghost, journeyman MiBe
D:13 2 transporters, 00Nightcrawler's ghost, journeyman VSTm
Orc:1 2 transporters, Jisity's ghost, adept HuFi


Message History

Your +2 broad axe "Losmevuim" {spect, rF+ rC+ rCorr} hits the naga warrior!
Your +2 broad axe "Losmevuim" {spect, rF+ rC+ rCorr} closely misses the naga.
Your +2 broad axe "Losmevuim" {spect, rF+ rC+ rCorr} barely misses the naga mage.
The naga mage no longer looks unusually strong.
The naga sharpshooter mumbles some strange words.
The naga sharpshooter magically shoots an arrow.
The arrow hits you but does no damage. The naga warrior spits poison at you.
You block the splash of poison. The naga hits you but does no damage.
You block the naga's attack.
The naga sharpshooter gestures wildly while chanting.
The salamander tyrant gazes fiercely through you!
You feel as though you will be weak longer.
The naga sharpshooter unwields a +0 arbalest.
The naga sharpshooter wields a +0 scimitar.
The naga sharpshooter hits you but does no damage.
The naga sharpshooter grabs you. The naga sharpshooter constricts you.
The naga hits you from afar with a +0 glaive!
The naga spits poison at you. You block the splash of poison.
29402 ||| READING 13 scrolls of teleportation.
As you read the scroll of teleportation, it crumbles to dust.
You feel strangely unstable.
Your +2 broad axe "Losmevuim" {spect, rF+ rC+ rCorr} disappears.
The salamander tyrant gazes fiercely through you!
You feel as though you will be weak longer.
A naga sharpshooter comes into view. It is wielding a +0 glaive.
The naga sharpshooter unwields a +0 glaive.
The naga sharpshooter wields a +0 shortbow.
The naga sharpshooter mumbles some strange words.
The naga sharpshooter magically shoots an arrow.
You block the arrow.
The naga warrior roars a battlecry!
The nagas go into a battle-frenzy!
The naga mage points at the naga sharpshooter and mumbles some strange words.
The naga sharpshooter seems to grow toxic.
The naga spits poison at you. You block the splash of poison.
The naga hits you from afar with a +0 glaive!!
You die...

.......... ##...
......#.. #....#
......... #.....#
.......#.
#.....N###...}.N..
......NN#..N...N.N
......#..NNN...#
.....NN)NN@N.#..
#N.N)¤NN)N......
##..).NNNN......
#.........$....
#..............
##.............
#....../......
##............
#..........


You could see a nagaraja (strong), 3 naga warriors, 9 naga sharpshooters, 2
salamander tyrants, a naga ritualist (strong), 2 naga magi and 6 nagas.

Vanquished Creatures
  Vashnia (Snake:2)
  Nikola (Shoals:1)
  A sphinx (D:14)
  3 tentacled starspawn (Abyss:3)
  Roxanne (D:15)
  3 nagarajas
  A daeva (Abyss:3)
  A fire giant (D:14)
  Aizul (Snake:3)
  Louise (Shoals:2)
  An orc warlord (Orc:1)
  Snorg (Orc:2)
  2 merfolk impalers
  Josephine (Orc:2)
  Fannar (Orc:1)
  A salamander tyrant (Snake:4)
  A vault guard (D:13)
  5 ogre magi
  Harold (D:11)
  A merfolk aquamancer (Shoals:2)
  5 hydras
  3 centaur warriors (D:14)
  14 anacondas
  2 catoblepae
  A rakshasa (Abyss:3)
  20 two-headed ogres
  A merfolk avatar (Shoals:3)
  12 boulder beetles
  An alligator snapping turtle (Shoals:2)
  A death knight (D:11)
  4 death yaks (Lair:2)
  2 satyrs (Shoals:3)
  7 naga sharpshooters
  3 tengu warriors
  13 naga warriors
  5 shock serpents
  Sonja (Orc:2)
  A deep elf knight (D:14)
  3 salamander mystics
  3 sea snakes
  3 skysharks
  2 skeletal warriors (D:15)
  A flayed ghost (D:15)
  A deep elf archer (D:14)
  10 harpies
  6 naga ritualists
  2 wizards (D:13)
  5 orc knights
  4 deep elf pyromancers
  9 mana vipers
  24 ugly things
  2 cyclopes
  4 necromancers
  10 salamanders
  9 manticores
  12 fauns
  An iron dragon skeleton (D:15)
  Joseph (D:8)
  11 elephants
  30 black mambas
  5 guardian serpents
  A black mamba (shapeshifter) (D:14)
  4 merfolk sirens
  12 naga magi
  A rust devil (Abyss:3)
  2 torpor snails
  18 cane toads
  Maggie (D:6)
  An unseen horror (D:10)
  An efreet (D:14)
  16 komodo dragons
  2 water nymphs
  A hellion (Abyss:3)
  6 rime drakes
  A tengu conjurer (D:15)
  An ancient zyme (Abyss:3)
  A silent spectre (Abyss:3)
  7 polar bears
  A harpy zombie (Abyss:3)
  6 hornets (Lair:5)
  8 merfolk
  6 trolls
  2 wind drakes (Shoals:1)
  9 blink frogs
  11 dream sheep
  9 snapping turtles
  4 raiju
  An ettin zombie (D:15)
  Sigmund (D:2)
  15 spriggans (Lair:5)
  17 slime creatures
  45 yaks
  A ynoxinul (Abyss:3)
  2 large abominations (Abyss:3)
  3 shadows
  4 wyverns
  5 basilisks
  8 wraiths
  9 water elementals
  20 humans
  5 starcursed masses (Abyss:3)
  2 chaos spawn (Abyss:3)
  11 vampire mosquitoes (D:13)
  A steam dragon (D:8)
  Menkaure (D:7)
  43 nagas
  3 wargs
  3 acid dragons
  21 water moccasins
  A floating eye (shapeshifter) (D:14)
  2 small abominations (Abyss:3)
  2 glowing shapeshifter skeletons (D:15)
  An ice beast (D:7)
  3 sky beasts
  7 black bears
  26 orc warriors
  3 boggarts (Lair:5)
  29 ogres
  39 wolves
  3 phantoms
  10 centaurs
  3 kobold brigands
  21 bullfrogs
  An earth elemental (Abyss:3)
  2 gnoll sergeants
  A scorpion (Lair:2)
  13 wights
  11 howler monkeys
  2 electric eels (D:15)
  4 lava snakes (Lair:2)
  4 hounds
  4 jellies
  19 orc priests
  2 sleepcaps (D:5)
  22 orc wizards
  3 iguanas
  A mummy (D:11)
  10 gnolls
  7 adders
  2 shadow imps
  3 white imps (D:5)
  An ufetubus (D:7)
  4 worms
  A dart slug (D:5)
  66 orcs
  3 bats
  5 endoplasms
  2 giant cockroaches
  11 goblins
  6 hobgoblins
  2 jackals (D:1)
  5 quokkas
  3 ball pythons
  5 frilled lizards
  15 kobolds
  3 rats (D:1)
  2 rat zombies (D:6)
  2 starspawn tentacles (Abyss:3)
1033 creatures vanquished.

Vanquished Creatures (others)
  A water elemental (Shoals:1)
  24 spectral weapons
  2 starspawn tentacles (Abyss:3)
27 creatures vanquished.

Grand Total: 1060 creatures vanquished

Notes
Turn   | Place    | Note
-------+----------+-------------------------------------------
     0 | D:1      | qw the Gargoyle Fighter began the quest for the Orb.
     0 | D:1      | Reached XP level 1. HP: 14/14 MP: 1/1
     0 | D:1      | 0 ||| qw: Version: 0.3-a-9-g12657ce
     0 | D:1      | 0 ||| qw: Game counter: 1536
     0 | D:1      | 0 ||| qw: Always use a shield: true
     0 | D:1      | 0 ||| qw: God list: Okawaru
     0 | D:1      | 0 ||| qw: Allow faded altars: false
     0 | D:1      | 0 ||| qw: Do Orc after D:15 true
     0 | D:1      | 0 ||| qw: Do second Lair branch before Depths: true
     0 | D:1      | 0 ||| qw: Lair rune preference: random
     0 | D:1      | 0 ||| qw: Plans: Normal, Zot:1-4, Slime:5, God:TSO, Crypt,
                  | Tomb, Abyss, Pan, Hells, Win
     0 | D:1      | 0 ||| PLANNING D:1-11
    74 | D:1      | Found Dierup's Assorted Antiques.
    78 | D:1      | 78 ||| BUYING clear potion (20 gold).
    78 | D:1      | Bought a clear potion for 20 gold pieces
    78 | D:1      | 78 ||| SHOPLISTING scroll labelled CEITSER PEPTOXI (23
                  | gold, have 9).
    78 | D:1      | 78 ||| SHOPLISTING scroll labelled IBREMI FIKIHO (23 gold,
                  | have 9).
    78 | D:1      | 78 ||| SHOPLISTING scroll labelled REGUCETAUMM (23 gold,
                  | have 9).
    78 | D:1      | 78 ||| SHOPLISTING scroll labelled TUFEUN QIVEO (23 gold,
                  | have 9).
    78 | D:1      | 78 ||| SHOPLISTING smoky purple potion (20 gold, have 9).
    78 | D:1      | 78 ||| UPGRADING to +0 cloak.
    98 | D:1      | Found a faded altar of an unknown god.
   103 | D:1      | 103 ||| READING 2 scrolls labelled YTIR WU SIRHE.
   104 | D:1      | 104 ||| READING scroll labelled OMUOMI LUSS.
   218 | D:1      | Reached XP level 2. HP: 19/19 MP: 2/2
   414 | D:1      | 414 ||| Stepping ~*~*~tactically~*~*~ (stealth).
   415 | D:1      | 415 ||| Stepping ~*~*~tactically~*~*~ (stealth).
   416 | D:1      | 416 ||| DROPPING +0 club.
   438 | D:1      | Reached skill level 3 in Axes
   537 | D:1      | 537 ||| READING scroll labelled JINOTO ZUAS.
   537 | D:1      | Identified a scroll of acquirement
   537 | D:1      | 537 ||| ACQUIRING +9 broad axe of Defiance {flame, rPois
                  | Str+3 Dex-4 SInv}
   537 | D:1      | Acquired the +9 broad axe of Defiance {flame, rPois Str+3
                  | Dex-4 SInv}
   539 | D:1      | 539 ||| SWAPPING to +9 broad axe of Defiance {flame, rPois
                  | Str+3 Dex-4 SInv}.
   540 | D:1      | 540 ||| DROPPING +0 mace.
   541 | D:1      | 541 ||| READING scroll labelled XOQULO XUYN.
   542 | D:1      | 542 ||| DROPPING scroll of immolation.
   606 | D:2      | Reached XP level 3. HP: 23/23 MP: 3/3
   607 | D:2      | Identified the amulet "Aluypuonk" {Acrobat Str+3 Dex-5
                  | Stlth+}
   613 | D:2      | You fall into a shaft and drop 1 floor!
   613 | D:3      | Found a runed translucent gate.
   615 | D:3      | Found a runed translucent gate.
   615 | D:3      | Found a runed translucent gate.
   615 | D:3      | Noticed qw's ghost (amateur GrFi)
   722 | D:2      | Noticed Sigmund
   735 | D:2      | Killed Sigmund
   736 | D:2      | Reached XP level 4. HP: 18/28 MP: 4/4
   736 | D:2      | Reached XP level 5. HP: 20/32 MP: 5/5
  1128 | D:2      | 1128 ||| UPGRADING to +0 plate armour.
  1138 | D:2      | 1138 ||| DROPPING +0 scale mail.
  1139 | D:2      | 1139 ||| UPGRADING to amulet of faith.
  1144 | D:2      | 1144 ||| READING scroll labelled IBREMI FIKIHO.
  1145 | D:2      | 1145 ||| READING 3 scrolls labelled CEITSER PEPTOXI.
  1146 | D:2      | 1146 ||| READING scroll labelled WYARAER TOAWN.
  1147 | D:2      | 1147 ||| DRINKING 5 silvery potions.
  1148 | D:2      | 1148 ||| DROPPING 2 scrolls of fear.
  1196 | D:3      | Reached XP level 6. HP: 38/38 MP: 6/6
  1311 | D:3      | Found an iron altar of Okawaru.
  1312 | D:3      | 1312 ||| PLANNING OKAWARU WORSHIP
  1312 | D:3      | 1312 ||| READING scroll labelled TAELATEAWU.
  1316 | D:3      | Became a worshipper of Warmaster Okawaru
  1317 | D:3      | 1317 ||| PLANNING D:1-11
  1322 | D:3      | Found a broken altar of Ashenzari.
  1325 | D:3      | Found a shadowy altar of Dithmenos.
  1328 | D:3      | Found a burning altar of Makhleb.
  1436 | D:3      | 1436 ||| Stepping ~*~*~tactically~*~*~ (stealth).
  1437 | D:3      | 1437 ||| Stepping ~*~*~tactically~*~*~ (stealth).
  1952 | D:3      | 1952 ||| READING scroll labelled YMAOXZ IXUCAZ.
  2009 | D:4      | Reached skill level 6 in Axes
  2029 | D:4      | Reached * piety under Okawaru
  2030 | D:4      | Reached XP level 7. HP: 40/43 MP: 7/7
  2049 | D:4      | Reached skill level 1 in Invocations
  2238 | D:4      | Reached ** piety under Okawaru
  2821 | D:5      | Entered Level 5 of the Dungeon
  2827 | D:5      | Identified the +1 morningstar of Wrongful Imprisonment
                  | {flame, +Blink Int+5}
  2843 | D:5      | Reached skill level 3 in Invocations
  2950 | D:5      | 2950 ||| INVOKING Heroism.
  2959 | D:5      | Reached XP level 8. HP: 48/48 MP: 8/10
  2999 | D:5      | 2999 ||| INVOKING Heroism.
  3087 | D:5      | 3087 ||| Stepping ~*~*~tactically~*~*~ (hiding).
  3088 | D:5      | 3088 ||| Stepping ~*~*~tactically~*~*~ (hiding).
  3091 | D:5      | 3091 ||| Stepping ~*~*~tactically~*~*~ (hiding).
  3092 | D:5      | 3092 ||| Stepping ~*~*~tactically~*~*~ (hiding).
  3219 | D:5      | 3219 ||| INVOKING Heroism.
  3320 | D:5      | Identified the +4 whip of Mayhem {flame, rPois rC++ Int+8
                  | Stlth-}
  3339 | D:5      | Found a sacrificial altar of Ru.
  3419 | D:5      | Found Nudooqi's Armour Shop.
  3419 | D:5      | Noticed an animated shadow dragon scales
  3420 | D:5      | Noticed an animated gold dragon scales
  3428 | D:5      | 3428 ||| BUYING +0 pair of boots (58 gold).
  3428 | D:5      | Bought a +0 pair of boots for 58 gold pieces
  3428 | D:5      | 3428 ||| BUYING +1 helmet "Jina" {-Cast Rampage SInv} (178
                  | gold).
  3428 | D:5      | Bought the +1 helmet "Jina" {-Cast Rampage SInv} for 178
                  | gold pieces
  3627 | D:5      | 3627 ||| UPGRADING to +0 pair of boots.
  3632 | D:5      | 3632 ||| UPGRADING to +1 helmet "Jina" {-Cast Rampage
                  | SInv}.
  3637 | D:5      | 3637 ||| READING scroll labelled TUFEUN QIVEO.
  3638 | D:5      | 3638 ||| READING scroll labelled YGELUCZIOMI.
  3639 | D:5      | 3639 ||| READING scroll labelled TIEMAO XERE.
  3673 | D:5      | 3673 ||| DRINKING 2 clear potions.
  3674 | D:5      | 3674 ||| READING 3 scrolls of identify.
  3674 | D:5      | 3674 ||| IDENTIFYING fuming inky potion
  3675 | D:5      | 3675 ||| READING 2 scrolls of identify.
  3675 | D:5      | 3675 ||| IDENTIFYING ruby potion
  3676 | D:5      | 3676 ||| DROPPING potion of ambrosia.
  3677 | D:5      | 3677 ||| DROPPING potion of brilliance.
  3718 | D:6      | Found an ancient bone altar of Kikubaaqudgha.
  3736 | D:6      | Found a staircase to the Ecumenical Temple.
  3753 | D:6      | 3753 ||| READING scroll of enchant armour.
  3753 | D:6      | 3753 ||| ENCHANTING +0 pair of boots.
  3759 | D:6      | 3759 ||| Stepping ~*~*~tactically~*~*~ (stealth).
  3760 | D:6      | 3760 ||| Stepping ~*~*~tactically~*~*~ (stealth).
  3811 | D:6      | 3811 ||| Stepping ~*~*~tactically~*~*~ (stealth).
  3812 | D:6      | 3812 ||| Stepping ~*~*~tactically~*~*~ (stealth).
  3861 | D:6      | 3861 ||| INVOKING Heroism.
  4074 | D:6      | 4074 ||| INVOKING Heroism.
  4137 | D:6      | Noticed Maggie
  4145 | D:6      | 4145 ||| INVOKING Heroism.
  4146 | D:6      | Killed Maggie
  4146 | D:6      | Reached *** piety under Okawaru
  4147 | D:6      | Reached skill level 6 in Fighting
  4147 | D:6      | Reached XP level 9. HP: 30/56 MP: 9/12
  4214 | D:6      | 4214 ||| Stepping ~*~*~tactically~*~*~ (stealth).
  4215 | D:6      | 4215 ||| Stepping ~*~*~tactically~*~*~ (stealth).
  4216 | D:6      | 4216 ||| Stepping ~*~*~tactically~*~*~ (stealth).
  4239 | D:6      | 4239 ||| DROPPING +0 war axe.
  4300 | D:6      | 4300 ||| INVOKING Heroism.
  4578 | D:6      | 4578 ||| Stepping ~*~*~tactically~*~*~ (stealth).
  4671 | D:6      | 4671 ||| DROPPING ring of flight.
  4672 | D:6      | 4672 ||| READING 3 scrolls of identify.
  4672 | D:6      | 4672 ||| IDENTIFYING dark potion
  4734 | D:7      | Noticed Menkaure
  4735 | D:7      | 4735 ||| INVOKING Heroism.
  4742 | D:7      | Reached skill level 1 in Throwing
  4746 | D:7      | Killed Menkaure
  4766 | D:7      | Reached skill level 9 in Axes
  4772 | D:7      | 4772 ||| Stepping ~*~*~tactically~*~*~ (stealth).
  4780 | D:7      | 4780 ||| Stepping ~*~*~tactically~*~*~ (hiding).
  4784 | D:7      | 4784 ||| INVOKING Heroism.
  4846 | D:7      | 4846 ||| FLEEEEING.
  4847 | D:7      | 4847 ||| FLEEEEING.
  4848 | D:7      | 4848 ||| FLEEEEING.
  4849 | D:7      | 4849 ||| FLEEEEING.
  4857 | D:7      | 4857 ||| Stepping ~*~*~tactically~*~*~ (stealth).
  4871 | D:7      | 4871 ||| INVOKING Heroism.
  4959 | D:7      | Reached skill level 6 in Armour
  5076 | D:7      | 5076 ||| INVOKING Heroism.
  5149 | D:7      | 5149 ||| Stepping ~*~*~tactically~*~*~ (stealth).
  5155 | D:7      | 5155 ||| Stepping ~*~*~tactically~*~*~ (stealth).
  5156 | D:7      | 5156 ||| Stepping ~*~*~tactically~*~*~ (stealth).
  5159 | D:7      | 5159 ||| Stepping ~*~*~tactically~*~*~ (hiding).
  5208 | D:7      | 5208 ||| Stepping ~*~*~tactically~*~*~ (stealth).
  5425 | D:8      | 5425 ||| Stepping ~*~*~tactically~*~*~ (hiding).
  5427 | D:8      | 5427 ||| Stepping ~*~*~tactically~*~*~ (hiding).
  5428 | D:8      | 5428 ||| Stepping ~*~*~tactically~*~*~ (hiding).
  5430 | D:8      | Reached **** piety under Okawaru
  5518 | D:8      | 5518 ||| Stepping ~*~*~tactically~*~*~ (stealth).
  5616 | D:8      | 5616 ||| INVOKING Heroism.
  5623 | D:8      | Reached XP level 10. HP: 54/63 MP: 10/13
  5698 | D:8      | Noticed Joseph
  5700 | D:8      | 5700 ||| INVOKING Heroism.
  5710 | D:8      | Killed Joseph
  5963 | D:8      | 5963 ||| Stepping ~*~*~tactically~*~*~ (stealth).
  5973 | D:8      | 5973 ||| Stepping ~*~*~tactically~*~*~ (hiding).
  5975 | D:8      | 5975 ||| Stepping ~*~*~tactically~*~*~ (stealth).
  5976 | D:8      | 5976 ||| Stepping ~*~*~tactically~*~*~ (hiding).
  5977 | D:8      | 5977 ||| Stepping ~*~*~tactically~*~*~ (hiding).
  5979 | D:8      | 5979 ||| Stepping ~*~*~tactically~*~*~ (stealth).
  5985 | D:8      | 5985 ||| Stepping ~*~*~tactically~*~*~ (stealth).
  6137 | D:8      | 6137 ||| UPGRADING to scarf of resistance.
  6147 | D:8      | 6147 ||| READING scroll labelled PIXZUY TIOQEDD.
  6148 | D:8      | 6148 ||| READING 6 scrolls of identify.
  6148 | D:8      | 6148 ||| IDENTIFYING white potion
  6149 | D:8      | 6149 ||| DROPPING potion of degeneration.
  6193 | D:9      | Reached skill level 1 in Dodging
  6213 | D:9      | 6213 ||| Stepping ~*~*~tactically~*~*~ (stealth).
  6216 | D:9      | 6216 ||| Stepping ~*~*~tactically~*~*~ (hiding).
  6224 | D:9      | 6224 ||| FLEEEEING.
  6225 | D:9      | 6225 ||| FLEEEEING.
  6226 | D:9      | 6226 ||| FLEEEEING.
  6227 | D:9      | 6227 ||| FLEEEEING.
  6229 | D:9      | 6229 ||| FLEEEEING.
  6230 | D:9      | 6230 ||| FLEEEEING.
  6231 | D:9      | 6231 ||| FLEEEEING.
  6232 | D:9      | 6232 ||| FLEEEEING.
  6233 | D:9      | 6233 ||| STAIRDANCE
  6283 | D:9      | 6283 ||| Stepping ~*~*~tactically~*~*~ (hiding).
  6285 | D:9      | 6285 ||| Stepping ~*~*~tactically~*~*~ (hiding).
  6438 | D:9      | 6438 ||| INVOKING Heroism.
  6555 | D:9      | Found a flagged portal.
  6611 | D:9      | 6611 ||| READING 3 scrolls of enchant armour.
  6611 | D:9      | 6611 ||| ENCHANTING +1 pair of boots.
  6612 | D:9      | 6612 ||| READING 2 scrolls of enchant armour.
  6612 | D:9      | 6612 ||| ENCHANTING +0 plate armour.
  6613 | D:9      | 6613 ||| READING scroll of enchant armour.
  6613 | D:9      | 6613 ||| ENCHANTING +1 plate armour.
  6786 | D:9      | Found a bloodstained altar of Trog.
  7029 | D:9      | 7029 ||| UPGRADING to +4 ring of protection.
  7030 | D:9      | 7030 ||| READING scroll labelled QIOPTU RUYNUXE.
  7031 | D:9      | 7031 ||| READING 5 scrolls of identify.
  7031 | D:9      | 7031 ||| IDENTIFYING grey potion
  7032 | D:9      | 7032 ||| READING 4 scrolls of identify.
  7032 | D:9      | 7032 ||| IDENTIFYING smoky purple potion
  7042 | D:10     | Entered Level 10 of the Dungeon
  7081 | D:10     | 7081 ||| Stepping ~*~*~tactically~*~*~ (hiding).
  7101 | D:10     | 7101 ||| Stepping ~*~*~tactically~*~*~ (stealth).
  7103 | D:10     | 7103 ||| Stepping ~*~*~tactically~*~*~ (stealth).
  7105 | D:10     | 7105 ||| Stepping ~*~*~tactically~*~*~ (hiding).
  7117 | D:10     | 7117 ||| Stepping ~*~*~tactically~*~*~ (stealth).
  7118 | D:10     | 7118 ||| INVOKING Heroism.
  7122 | D:10     | Reached skill level 6 in Invocations
  7138 | D:10     | 7138 ||| DRINKING 9 potions of curing.
  7138 | D:10     | 7138 ||| (to cure confusion)
  7222 | D:10     | Noticed an unseen horror
  7225 | D:10     | Killed an unseen horror
  7347 | D:10     | 7347 ||| INVOKING Heroism.
  7482 | D:10     | Reached ***** piety under Okawaru
  8224 | D:10     | 8224 ||| READING scroll labelled BYAL PIMUIDOA.
  8225 | D:10     | 8225 ||| READING 3 scrolls of identify.
  8225 | D:10     | 8225 ||| IDENTIFYING blue potion
  8298 | D:11     | 8298 ||| Stepping ~*~*~tactically~*~*~ (hiding).
  8310 | D:11     | Noticed Harold
  8311 | D:11     | 8311 ||| Stepping ~*~*~tactically~*~*~ (stealth).
  8313 | D:11     | 8313 ||| INVOKING Heroism.
  8319 | D:11     | Killed Harold
  8470 | D:11     | Found a snail-covered altar of Cheibriados.
  8552 | D:11     | Noticed a boulder beetle
  8553 | D:11     | 8553 ||| INVOKING Heroism.
  8568 | D:11     | Killed a boulder beetle
  8569 | D:11     | Reached XP level 11. HP: 42/68 MP: 15/17
  8672 | D:11     | 8672 ||| Stepping ~*~*~tactically~*~*~ (hiding).
  8722 | D:11     | Noticed a manticore
  8723 | D:11     | 8723 ||| INVOKING Heroism.
  8725 | D:11     | Noticed an orc knight
  8731 | D:11     | Killed a manticore
  8739 | D:11     | Killed an orc knight
  8848 | D:11     | Noticed a boulder beetle
  8849 | D:11     | 8849 ||| INVOKING Heroism.
  8850 | D:11     | 8850 ||| INVOKING Finesse.
  8862 | D:11     | Killed a boulder beetle
  8863 | D:11     | Reached skill level 9 in Invocations
  8906 | D:11     | Noticed a deep elf pyromancer
  8908 | D:11     | Killed a deep elf pyromancer
  8938 | D:11     | Noticed a boulder beetle
  8939 | D:11     | 8939 ||| INVOKING Heroism.
  8940 | D:11     | 8940 ||| INVOKING Finesse.
  8942 | D:11     | Noticed a boulder beetle
  8948 | D:11     | Killed a boulder beetle
  8948 | D:11     | Received a gift from Okawaru
  8964 | D:11     | Killed a boulder beetle
  9012 | D:11     | Noticed a death knight
  9013 | D:11     | 9013 ||| Stepping ~*~*~tactically~*~*~ (stealth).
  9024 | D:11     | 9024 ||| INVOKING Heroism.
  9024 | D:11     | Noticed a catoblepas
  9025 | D:11     | 9025 ||| INVOKING Finesse.
  9030 | D:11     | Killed a death knight
  9032 | D:11     | Reached skill level 9 in Fighting
  9034 | D:11     | Killed a catoblepas
  9034 | D:11     | Identified the +2 broad axe "Losmevuim" {spect, rF+ rC+
                  | rCorr} (Okawaru gifted it to you on level 11 of the
                  | Dungeon)
  9034 | D:11     | Received a gift from Okawaru
  9035 | D:11     | 9035 ||| FLEEEEING.
  9056 | D:11     | 9056 ||| INVOKING Heroism.
  9178 | D:11     | 9178 ||| SWAPPING to +2 broad axe "Losmevuim" {spect, rF+
                  | rC+ rCorr}.
  9202 | D:11     | 9202 ||| INVOKING Heroism.
  9224 | D:11     | 9224 ||| Stepping ~*~*~tactically~*~*~ (stealth).
  9233 | D:11     | 9233 ||| Stepping ~*~*~tactically~*~*~ (hiding).
  9234 | D:11     | 9234 ||| Stepping ~*~*~tactically~*~*~ (hiding).
  9237 | D:11     | 9237 ||| Stepping ~*~*~tactically~*~*~ (hiding).
  9315 | D:11     | Noticed a boulder beetle
  9316 | D:11     | 9316 ||| INVOKING Heroism.
  9317 | D:11     | 9317 ||| INVOKING Finesse.
  9332 | D:11     | Killed a boulder beetle
  9333 | D:11     | Reached XP level 12. HP: 55/76 MP: 12/19
  9549 | D:11     | 9549 ||| Stepping ~*~*~tactically~*~*~ (stealth).
  9551 | D:11     | 9551 ||| Stepping ~*~*~tactically~*~*~ (stealth).
  9556 | D:11     | Reached skill level 12 in Axes
  9637 | D:11     | 9637 ||| INVOKING Heroism.
  9681 | D:11     | Found a staircase to the Lair.
  9709 | D:11     | 9709 ||| INVOKING Heroism.
  9802 | D:11     | 9802 ||| PLANNING LAIR
  9802 | D:11     | 9802 ||| DRINKING 3 coppery potions.
  9803 | D:11     | 9803 ||| READING 6 scrolls of identify.
  9803 | D:11     | 9803 ||| IDENTIFYING cyan potion
  9850 | Lair:1   | Entered Level 1 of the Lair of Beasts
  9889 | Lair:1   | 9889 ||| Stepping ~*~*~tactically~*~*~ (stealth).
  9898 | Lair:1   | 9898 ||| INVOKING Heroism.
  9905 | Lair:1   | Reached skill level 6 in Shields
 10159 | Lair:1   | Reached skill level 9 in Armour
 10247 | Lair:1   | 10247 ||| INVOKING Heroism.
 10252 | Lair:1   | 10252 ||| Stepping ~*~*~tactically~*~*~ (stealth).
 10253 | Lair:1   | 10253 ||| Stepping ~*~*~tactically~*~*~ (stealth).
 10254 | Lair:1   | 10254 ||| Stepping ~*~*~tactically~*~*~ (stealth).
 10263 | Lair:1   | 10263 ||| Stepping ~*~*~tactically~*~*~ (stealth).
 10269 | Lair:1   | 10269 ||| Stepping ~*~*~tactically~*~*~ (stealth).
 10271 | Lair:1   | 10271 ||| Stepping ~*~*~tactically~*~*~ (stealth).
 10272 | Lair:1   | 10272 ||| Stepping ~*~*~tactically~*~*~ (stealth).
 10274 | Lair:1   | 10274 ||| Stepping ~*~*~tactically~*~*~ (stealth).
 10300 | Lair:1   | 10300 ||| Stepping ~*~*~tactically~*~*~ (stealth).
 10333 | Lair:1   | 10333 ||| INVOKING Heroism.
 10358 | Lair:1   | 10358 ||| Stepping ~*~*~tactically~*~*~ (stealth).
 10359 | Lair:1   | 10359 ||| Stepping ~*~*~tactically~*~*~ (stealth).
 10404 | Lair:1   | 10404 ||| INVOKING Heroism.
 10609 | Lair:1   | 10609 ||| INVOKING Heroism.
 10681 | Lair:1   | 10681 ||| INVOKING Heroism.
 10981 | Lair:2   | 10981 ||| STAIRDANCE
 11226 | Lair:2   | Noticed a boulder beetle
 11227 | Lair:2   | 11227 ||| INVOKING Heroism.
 11228 | Lair:2   | 11228 ||| INVOKING Finesse.
 11242 | Lair:2   | Killed a boulder beetle
 11242 | Lair:2   | Received a gift from Okawaru
 11293 | Lair:2   | 11293 ||| DROPPING +1 war axe of flaming.
 11297 | Lair:2   | Found a staircase to the Snake Pit.
 11396 | Lair:2   | 11396 ||| Stepping ~*~*~tactically~*~*~ (stealth).
 11600 | Lair:2   | 11600 ||| INVOKING Heroism.
 11617 | Lair:2   | Reached XP level 13. HP: 78/82 MP: 20/20
 11768 | Lair:2   | 11768 ||| Stepping ~*~*~tactically~*~*~ (hiding).
 11769 | Lair:2   | 11769 ||| INVOKING Heroism.
 11770 | Lair:2   | 11770 ||| INVOKING Finesse.
 12000 | Lair:2   | 12000 ||| INVOKING Heroism.
 12022 | Lair:2   | 12022 ||| INVOKING Finesse.
 12029 | Lair:2   | 12029 ||| Stepping ~*~*~tactically~*~*~ (stealth).
 12040 | Lair:2   | 12040 ||| INVOKING Heroism.
 12115 | Lair:2   | 12115 ||| INVOKING Heroism.
 12116 | Lair:2   | 12116 ||| INVOKING Finesse.
 12124 | Lair:2   | 12124 ||| SWAPPING to +9 broad axe of Defiance {flame,
                  | rPois Str+3 Dex-4 SInv}.
 12130 | Lair:2   | 12130 ||| SWAPPING to +2 broad axe "Losmevuim" {spect, rF+
                  | rC+ rCorr}.
 12187 | Lair:2   | 12187 ||| INVOKING Heroism.
 12191 | Lair:2   | 12191 ||| SWAPPING to +9 broad axe of Defiance {flame,
                  | rPois Str+3 Dex-4 SInv}.
 12196 | Lair:2   | 12196 ||| SWAPPING to +2 broad axe "Losmevuim" {spect, rF+
                  | rC+ rCorr}.
 12235 | Lair:2   | 12235 ||| INVOKING Heroism.
 12252 | Lair:2   | 12252 ||| INVOKING Finesse.
 12256 | Lair:2   | 12256 ||| SWAPPING to +9 broad axe of Defiance {flame,
                  | rPois Str+3 Dex-4 SInv}.
 12261 | Lair:2   | 12261 ||| SWAPPING to +2 broad axe "Losmevuim" {spect, rF+
                  | rC+ rCorr}.
 12360 | Lair:2   | 12360 ||| Stepping ~*~*~tactically~*~*~ (stealth).
 12367 | Lair:2   | 12367 ||| Stepping ~*~*~tactically~*~*~ (stealth).
 12368 | Lair:2   | 12368 ||| Stepping ~*~*~tactically~*~*~ (stealth).
 12369 | Lair:2   | 12369 ||| Stepping ~*~*~tactically~*~*~ (stealth).
 12571 | Lair:2   | 12571 ||| UPGRADING to +0 kite shield.
 12581 | Lair:2   | 12581 ||| DROPPING +0 buckler.
 12582 | Lair:2   | 12582 ||| UPGRADING to ring of protection from fire.
 12707 | Lair:2   | 12707 ||| Stepping ~*~*~tactically~*~*~ (stealth).
 12708 | Lair:2   | 12708 ||| Stepping ~*~*~tactically~*~*~ (stealth).
 12732 | Lair:2   | 12732 ||| Stepping ~*~*~tactically~*~*~ (stealth).
 12733 | Lair:2   | 12733 ||| Stepping ~*~*~tactically~*~*~ (stealth).
 12757 | Lair:2   | 12757 ||| Stepping ~*~*~tactically~*~*~ (stealth).
 12758 | Lair:2   | 12758 ||| Stepping ~*~*~tactically~*~*~ (stealth).
 12760 | Lair:2   | 12760 ||| INVOKING Heroism.
 12761 | Lair:2   | 12761 ||| INVOKING Finesse.
 12764 | Lair:2   | 12764 ||| SWAPPING to +9 broad axe of Defiance {flame,
                  | rPois Str+3 Dex-4 SInv}.
 12768 | Lair:2   | Identified the +6 demon blade of Haviunuar {freeze,
                  | *Corrode rPois rC+ Stlth+} (Okawaru gifted it to you on
                  | level 2 of the Lair of Beasts)
 12768 | Lair:2   | Received a gift from Okawaru
 12769 | Lair:2   | 12769 ||| SWAPPING to +2 broad axe "Losmevuim" {spect, rF+
                  | rC+ rCorr}.
 12926 | Lair:3   | 12926 ||| STAIRDANCE
 12995 | Lair:3   | 12995 ||| INVOKING Heroism.
 13072 | Lair:3   | 13072 ||| Stepping ~*~*~tactically~*~*~ (stealth).
 13078 | Lair:3   | Gained mutation: Your large and strong wings let you fly.
                  | [Gargoyle growth]
 13078 | Lair:3   | Reached XP level 14. HP: 90/90 MP: 21/21
 13137 | Lair:3   | Reached skill level 9 in Shields
 13354 | Lair:3   | Found a staircase to the Shoals.
 13410 | Lair:3   | 13410 ||| INVOKING Heroism.
 13675 | Lair:3   | 13675 ||| UPGRADING to +0 pair of gloves.
 13680 | Lair:3   | 13680 ||| READING 8 scrolls of identify.
 13680 | Lair:3   | 13680 ||| IDENTIFYING murky coppery potion
 13796 | Lair:4   | Identified the +1 plate armour of Xianum {Int+5} (Okawaru
                  | gifted it to you on level 4 of the Lair of Beasts)
 13796 | Lair:4   | Received a gift from Okawaru
 13895 | Lair:4   | 13895 ||| INVOKING Heroism.
 14009 | Lair:4   | 14009 ||| Stepping ~*~*~tactically~*~*~ (stealth).
 14068 | Lair:4   | 14068 ||| INVOKING Heroism.
 14182 | Lair:4   | 14182 ||| Stepping ~*~*~tactically~*~*~ (stealth).
 14575 | Lair:4   | 14575 ||| DROPPING +1 plate armour of Xianum {Int+5}.
 14615 | Lair:5   | Entered Level 5 of the Lair of Beasts
 14714 | Lair:5   | Reached skill level 12 in Shields
 14774 | Lair:5   | Reached skill level 15 in Axes
 14808 | Lair:5   | 14808 ||| Stepping ~*~*~tactically~*~*~ (stealth).
 14810 | Lair:5   | 14810 ||| Stepping ~*~*~tactically~*~*~ (stealth).
 14830 | Lair:5   | 14830 ||| INVOKING Heroism.
 14832 | Lair:5   | 14832 ||| INVOKING Finesse.
 14898 | Lair:5   | 14898 ||| INVOKING Finesse.
 14917 | Lair:5   | 14917 ||| INVOKING Heroism.
 14953 | Lair:5   | 14953 ||| INVOKING Heroism.
 15099 | Lair:5   | 15099 ||| Stepping ~*~*~tactically~*~*~ (stealth).
 15100 | Lair:5   | 15100 ||| Stepping ~*~*~tactically~*~*~ (stealth).
 15250 | Lair:5   | Identified the +1 cloak of Experimentation {Str+3 Dex+4}
                  | (Okawaru gifted it to you on level 5 of the Lair of Beasts)
 15250 | Lair:5   | Received a gift from Okawaru
 15258 | Lair:5   | 15258 ||| FLEEEEING.
 15259 | Lair:5   | 15259 ||| FLEEEEING.
 15260 | Lair:5   | 15260 ||| FLEEEEING.
 15261 | Lair:5   | 15261 ||| FLEEEEING.
 15262 | Lair:5   | 15262 ||| FLEEEEING.
 15263 | Lair:5   | 15263 ||| FLEEEEING.
 15264 | Lair:5   | 15264 ||| FLEEEEING.
 15265 | Lair:5   | 15265 ||| FLEEEEING.
 15266 | Lair:5   | 15266 ||| STAIRDANCE
 15368 | Lair:4   | 15368 ||| UPGRADING to +2 pair of gloves.
 15378 | Lair:4   | 15378 ||| DROPPING +0 pair of gloves.
 15385 | Lair:5   | 15385 ||| STAIRDANCE
 15414 | Lair:5   | Reached skill level 12 in Fighting
 15642 | Lair:5   | Found a staircase to the Slime Pits.
 15706 | Lair:5   | 15706 ||| Stepping ~*~*~tactically~*~*~ (hiding).
 15707 | Lair:5   | 15707 ||| INVOKING Heroism.
 15708 | Lair:5   | 15708 ||| INVOKING Finesse.
 15979 | Lair:5   | 15979 ||| PLANNING D
 15979 | Lair:5   | 15979 ||| UPGRADING to +1 cloak of Experimentation {Str+3
                  | Dex+4}.
 15989 | Lair:5   | 15989 ||| DROPPING +0 cloak.
 16014 | Lair:5   | Reached XP level 15. HP: 96/96 MP: 22/22
 16197 | D:12     | 16197 ||| INVOKING Heroism.
 16200 | D:12     | Reached skill level 3 in Dodging
 16232 | D:12     | 16232 ||| Stepping ~*~*~tactically~*~*~ (stealth).
 16234 | D:12     | 16234 ||| Stepping ~*~*~tactically~*~*~ (stealth).
 16246 | D:12     | 16246 ||| Stepping ~*~*~tactically~*~*~ (stealth).
 16250 | D:12     | 16250 ||| Stepping ~*~*~tactically~*~*~ (stealth).
 16254 | D:12     | 16254 ||| Stepping ~*~*~tactically~*~*~ (stealth).
 16265 | D:12     | 16265 ||| Stepping ~*~*~tactically~*~*~ (stealth).
 16266 | D:12     | 16266 ||| Stepping ~*~*~tactically~*~*~ (stealth).
 16267 | D:12     | 16267 ||| Stepping ~*~*~tactically~*~*~ (stealth).
 16270 | D:12     | 16270 ||| Stepping ~*~*~tactically~*~*~ (stealth).
 16271 | D:12     | 16271 ||| Stepping ~*~*~tactically~*~*~ (stealth).
 16272 | D:12     | 16272 ||| Stepping ~*~*~tactically~*~*~ (stealth).
 16348 | D:12     | 16348 ||| READING scroll of acquirement.
 16348 | D:12     | 16348 ||| ACQUIRING ring "Fuwaex" {Ice Dex+2 SInv}
 16348 | D:12     | Acquired the ring "Fuwaex" {Ice Dex+2 SInv}
 16437 | D:12     | 16437 ||| FLEEEEING.
 16438 | D:12     | 16438 ||| FLEEEEING.
 16615 | D:12     | Found a staircase to the Orcish Mines.
 16633 | D:12     | 16633 ||| Stepping ~*~*~tactically~*~*~ (stealth).
 16656 | D:12     | 16656 ||| Stepping ~*~*~tactically~*~*~ (stealth).
 16661 | D:12     | 16661 ||| Stepping ~*~*~tactically~*~*~ (stealth).
 16801 | D:12     | Found a runed translucent gate.
 16802 | D:12     | Found a runed translucent gate.
 16802 | D:12     | Noticed Suyxal's ghost (journeyman MiBe)
 16803 | D:12     | Found a runed translucent gate.
 16805 | D:12     | Identified the +6 chain mail of Vlad {rN+ Will+ Str+3}
 17184 | D:12     | 17184 ||| READING scroll labelled REGUCETAUMM.
 17185 | D:12     | 17185 ||| READING 9 scrolls of identify.
 17185 | D:12     | 17185 ||| IDENTIFYING inky potion
 17284 | D:13     | 17284 ||| FLEEEEING.
 17285 | D:13     | 17285 ||| FLEEEEING.
 17286 | D:13     | 17286 ||| FLEEEEING.
 17287 | D:13     | 17287 ||| FLEEEEING.
 17288 | D:13     | 17288 ||| FLEEEEING.
 17289 | D:13     | 17289 ||| FLEEEEING.
 17290 | D:13     | 17290 ||| FLEEEEING.
 17291 | D:13     | 17291 ||| FLEEEEING.
 17292 | D:13     | 17292 ||| FLEEEEING.
 17293 | D:13     | 17293 ||| FLEEEEING.
 17294 | D:13     | 17294 ||| FLEEEEING.
 17295 | D:13     | 17295 ||| FLEEEEING.
 17296 | D:13     | 17296 ||| FLEEEEING.
 17297 | D:13     | 17297 ||| FLEEEEING.
 17303 | D:13     | 17303 ||| INVOKING Heroism.
 17306 | D:13     | 17306 ||| READING 8 scrolls of teleportation.
 17594 | D:13     | Found a transporter.
 17750 | D:13     | Found a gate to the Vaults.
 17754 | D:13     | Received a gift from Okawaru
 17755 | Abyss:3  | Found a corrupted altar of Lugonu.
 17755 | Abyss:3  | Cast into level 3 of the Abyss (a wizard)
 17793 | D:13     | Escaped the Abyss
 17797 | D:13     | 17797 ||| INVOKING Heroism.
 17955 | D:13     | Noticed 00Nightcrawler's ghost (journeyman VSTm)
 18000 | D:13     | 18000 ||| Stepping ~*~*~tactically~*~*~ (hiding).
 18007 | D:13     | Reached skill level 12 in Armour
 18039 | D:13     | 18039 ||| Stepping ~*~*~tactically~*~*~ (stealth).
 18040 | D:13     | 18040 ||| Stepping ~*~*~tactically~*~*~ (stealth).
 18041 | D:13     | 18041 ||| Stepping ~*~*~tactically~*~*~ (stealth).
 18042 | D:13     | 18042 ||| Stepping ~*~*~tactically~*~*~ (stealth).
 18101 | D:13     | Found a transporter.
 18164 | D:14     | Reached ****** piety under Okawaru
 18164 | D:14     | Identified the +0 chain mail "Sexuss" {Contam rF+ rN+
                  | Dex+3} (Okawaru gifted it to you on level 14 of the
                  | Dungeon)
 18164 | D:14     | Received a gift from Okawaru
 18296 | D:14     | Found Batog's Antique Armour Emporium.
 18304 | D:14     | 18304 ||| BUYING pair of embroidered boots (202 gold).
 18304 | D:14     | Bought a pair of embroidered boots for 202 gold pieces
 18314 | D:14     | Found a portal to a secret trove of treasure.
 18321 | D:14     | 18321 ||| Stepping ~*~*~tactically~*~*~ (stealth).
 18366 | D:14     | 18366 ||| Stepping ~*~*~tactically~*~*~ (stealth).
 18404 | D:14     | 18404 ||| READING scroll of acquirement.
 18404 | D:14     | 18404 ||| ACQUIRING +0 tower shield of Day {Rampage rElec
                  | Stlth-}
 18404 | D:14     | Acquired the +0 tower shield of Day {Rampage rElec Stlth-}
 18406 | D:14     | 18406 ||| DROPPING +0 chain mail "Sexuss" {Contam rF+ rN+
                  | Dex+3}.
 18731 | D:14     | 18731 ||| Stepping ~*~*~tactically~*~*~ (hiding).
 18736 | D:14     | 18736 ||| INVOKING Heroism.
 18755 | D:14     | 18755 ||| INVOKING Finesse.
 18757 | D:14     | 18757 ||| SWAPPING to +9 broad axe of Defiance {flame,
                  | rPois Str+3 Dex-4 SInv}.
 18760 | D:14     | 18760 ||| SWAPPING to +2 broad axe "Losmevuim" {spect, rF+
                  | rC+ rCorr}.
 18775 | D:14     | 18775 ||| Stepping ~*~*~tactically~*~*~ (hiding).
 18815 | D:14     | 18815 ||| Stepping ~*~*~tactically~*~*~ (hiding).
 18833 | D:14     | 18833 ||| Stepping ~*~*~tactically~*~*~ (hiding).
 18950 | D:14     | Noticed a sphinx
 18950 | D:14     | Noticed a fire giant
 18954 | D:14     | Killed a sphinx
 18960 | D:14     | 18960 ||| INVOKING Heroism.
 18962 | D:14     | Killed a fire giant
 18973 | D:14     | Identified the +7 hand axe of Darkness {venom, rF+ rN+
                  | Int+3 Stlth+} (Okawaru gifted it to you on level 14 of the
                  | Dungeon)
 18973 | D:14     | Received a gift from Okawaru
 18974 | D:14     | Reached XP level 16. HP: 41/101 MP: 23/23
 19172 | D:14     | 19172 ||| Stepping ~*~*~tactically~*~*~ (stealth).
 19181 | D:14     | 19181 ||| Stepping ~*~*~tactically~*~*~ (stealth).
 19350 | D:14     | 19350 ||| Stepping ~*~*~tactically~*~*~ (hiding).
 19544 | D:14     | 19544 ||| UPGRADING to +3 plate armour of cold resistance.
 19554 | D:14     | 19554 ||| DROPPING +2 plate armour.
 19555 | D:14     | 19555 ||| DROPPING +1 pair of boots of stealth.
 19556 | D:14     | 19556 ||| UPGRADING to +0 tower shield of Day {Rampage
                  | rElec Stlth-}.
 19566 | D:14     | 19566 ||| DROPPING +0 kite shield.
 19596 | D:15     | Entered Level 15 of the Dungeon
 19596 | D:15     | Found an opulent altar of Gozag.
 19840 | D:15     | Found a frozen archway.
 19844 | D:15     | Identified Roxanne's Grimoire of the Fjord
 19844 | D:15     | Noticed Roxanne
 19845 | D:15     | 19845 ||| INVOKING Heroism.
 19846 | D:15     | 19846 ||| INVOKING Finesse.
 19862 | D:15     | Killed Roxanne
 19997 | D:15     | 19997 ||| Stepping ~*~*~tactically~*~*~ (stealth).
 19998 | D:15     | 19998 ||| Stepping ~*~*~tactically~*~*~ (stealth).
 20000 | D:15     | 20000 ||| Stepping ~*~*~tactically~*~*~ (stealth).
 20001 | D:15     | 20001 ||| Stepping ~*~*~tactically~*~*~ (stealth).
 20088 | D:15     | 20088 ||| Stepping ~*~*~tactically~*~*~ (hiding).
 20248 | D:15     | 20248 ||| Stepping ~*~*~tactically~*~*~ (hiding).
 20362 | D:15     | 20362 ||| INVOKING Heroism.
 20366 | D:15     | Identified the +8 broad axe of Rutt {flame, rElec rPois
                  | rF+} (Okawaru gifted it to you on level 15 of the Dungeon)
 20366 | D:15     | Received a gift from Okawaru
 20372 | D:15     | 20372 ||| Stepping ~*~*~tactically~*~*~ (stealth).
 20373 | D:15     | 20373 ||| Stepping ~*~*~tactically~*~*~ (stealth).
 20385 | D:15     | 20385 ||| Stepping ~*~*~tactically~*~*~ (hiding).
 20387 | D:15     | 20387 ||| Stepping ~*~*~tactically~*~*~ (hiding).
 20471 | D:15     | 20471 ||| Stepping ~*~*~tactically~*~*~ (stealth).
 20515 | D:15     | Found a staircase to the Depths.
 20640 | D:15     | 20640 ||| Stepping ~*~*~tactically~*~*~ (stealth).
 20728 | D:15     | 20728 ||| PLANNING ORC
 20728 | D:15     | 20728 ||| DROPPING +1 chain mail of willpower.
 20833 | Orc:1    | Entered Level 1 of the Orcish Mines
 20847 | Orc:1    | Found a transporter.
 20855 | Orc:1    | Found a bloodstained altar of Trog.
 20863 | Orc:1    | Found a transporter.
 20864 | Orc:1    | Noticed Jisity's ghost (adept HuFi)
 20909 | Orc:1    | Noticed Fannar
 20910 | Orc:1    | 20910 ||| Stepping ~*~*~tactically~*~*~ (hiding).
 20911 | Orc:1    | 20911 ||| Stepping ~*~*~tactically~*~*~ (hiding).
 20929 | Orc:1    | Killed Fannar
 20975 | Orc:2    | Entered Level 2 of the Orcish Mines
 20976 | Orc:2    | Noticed Snorg
 20981 | Orc:2    | 20981 ||| INVOKING Heroism.
 20983 | Orc:2    | Killed Snorg
 20988 | Orc:2    | 20988 ||| Stepping ~*~*~tactically~*~*~ (hiding).
 21003 | Orc:2    | 21003 ||| Stepping ~*~*~tactically~*~*~ (stealth).
 21005 | Orc:2    | 21005 ||| Stepping ~*~*~tactically~*~*~ (hiding).
 21008 | Orc:2    | Found a staircase to the Elven Halls.
 21020 | Orc:2    | 21020 ||| Stepping ~*~*~tactically~*~*~ (hiding).
 21207 | Orc:2    | 21207 ||| Stepping ~*~*~tactically~*~*~ (stealth).
 21216 | Orc:2    | 21216 ||| INVOKING Heroism.
 21241 | Orc:2    | Reached skill level 15 in Shields
 21245 | Orc:2    | Received a gift from Okawaru
 21247 | Orc:2    | 21247 ||| Stepping ~*~*~tactically~*~*~ (stealth).
 21265 | Orc:2    | 21265 ||| INVOKING Heroism.
 21265 | Orc:2    | Noticed Sonja
 21270 | Orc:2    | 21270 ||| INVOKING Finesse.
 21280 | Orc:2    | Killed Sonja
 21359 | Orc:2    | 21359 ||| Stepping ~*~*~tactically~*~*~ (stealth).
 21365 | Orc:2    | 21365 ||| Stepping ~*~*~tactically~*~*~ (stealth).
 21401 | Orc:2    | 21401 ||| Stepping ~*~*~tactically~*~*~ (stealth).
 21402 | Orc:2    | 21402 ||| Stepping ~*~*~tactically~*~*~ (stealth).
 21407 | Orc:2    | 21407 ||| INVOKING Heroism.
 21408 | Orc:2    | Found Paazahiu's Book Emporium.
 21408 | Orc:2    | Found Ywnuo's Antique Weapon Shop.
 21408 | Orc:2    | Found Ybepouj's General Store.
 21408 | Orc:2    | Found Turrisost's General Store.
 21457 | Orc:2    | 21457 ||| BUYING potion of lignification (54 gold).
 21457 | Orc:2    | Bought a potion of lignification for 54 gold pieces
 21457 | Orc:2    | 21457 ||| BUYING potion of mutation (144 gold).
 21457 | Orc:2    | Bought a potion of mutation for 144 gold pieces
 21458 | Orc:2    | 21458 ||| BUYING potion of haste (160 gold).
 21458 | Orc:2    | Bought a potion of haste for 160 gold pieces
 21572 | Orc:2    | 21572 ||| DROPPING +3 chain mail of fire resistance.
 21573 | Orc:2    | 21573 ||| UPGRADING to +2 crystal plate armour.
 21595 | Orc:1    | 21595 ||| INVOKING Heroism.
 21622 | Orc:1    | 21622 ||| Stepping ~*~*~tactically~*~*~ (hiding).
 21623 | Orc:1    | 21623 ||| Stepping ~*~*~tactically~*~*~ (hiding).
 21698 | Orc:1    | 21698 ||| INVOKING Heroism.
 21699 | Orc:1    | 21699 ||| INVOKING Finesse.
 21908 | Orc:1    | 21908 ||| Stepping ~*~*~tactically~*~*~ (hiding).
 21911 | Orc:1    | 21911 ||| Stepping ~*~*~tactically~*~*~ (hiding).
 22048 | Orc:2    | Found Dufaluid's Jewellery Boutique.
 22057 | Orc:2    | Noticed Josephine
 22063 | Orc:2    | Killed Josephine
 22071 | Orc:2    | Received a gift from Okawaru
 22101 | Orc:2    | 22101 ||| BUYING +5 ring of evasion (504 gold).
 22101 | Orc:2    | Bought a +5 ring of evasion for 504 gold pieces
 22101 | Orc:2    | 22101 ||| BUYING amulet of reflection (420 gold).
 22101 | Orc:2    | Bought an amulet of reflection for 420 gold pieces
 22101 | Orc:2    | 22101 ||| BUYING ring "Jute" {Drain rN+ Dex+2 Slay+3} (534
                  | gold).
 22101 | Orc:2    | Bought the ring "Jute" {Drain rN+ Dex+2 Slay+3} for 534
                  | gold pieces
 22101 | Orc:2    | 22101 ||| SHOPLISTING ring "Miusyunt" {rElec Will+ EV+5}
                  | (778 gold, have 126).
 22172 | Orc:2    | 22172 ||| PLANNING SNAKE:1-3
 22172 | Orc:2    | 22172 ||| DROPPING amulet "Aluypuonk" {Acrobat Str+3 Dex-5
                  | Stlth+}.
 22173 | Orc:2    | 22173 ||| DROPPING amulet of guardian spirit.
 22174 | Orc:2    | 22174 ||| DROPPING ring of see invisible.
 22175 | Orc:2    | 22175 ||| UPGRADING to +5 ring of evasion.
 22177 | Orc:2    | 22177 ||| UPGRADING to ring "Jute" {Drain rN+ Dex+2
                  | Slay+3}.
 22303 | Snake:1  | Entered Level 1 of the Snake Pit
 22346 | Snake:1  | Reached XP level 17. HP: 104/108 MP: 24/24
 22386 | Snake:1  | 22386 ||| Stepping ~*~*~tactically~*~*~ (hiding).
 22391 | Snake:1  | 22391 ||| Stepping ~*~*~tactically~*~*~ (hiding).
 22520 | Snake:1  | 22520 ||| INVOKING Heroism.
 22525 | Snake:1  | 22525 ||| Stepping ~*~*~tactically~*~*~ (hiding).
 22537 | Snake:1  | 22537 ||| Stepping ~*~*~tactically~*~*~ (hiding).
 22560 | Snake:1  | 22560 ||| FLEEEEING.
 22570 | Snake:1  | Identified the +7 war axe "Ziuliw" {pain, Fragile Fly rC++}
                  | (Okawaru gifted it to you on level 1 of the Snake Pit)
 22570 | Snake:1  | Received a gift from Okawaru
 22789 | Snake:1  | Found Quas's General Store.
 22856 | Snake:1  | 22856 ||| INVOKING Heroism.
 22897 | Snake:1  | 22897 ||| Stepping ~*~*~tactically~*~*~ (hiding).
 22907 | Snake:1  | Reached skill level 15 in Armour
 23019 | Snake:1  | Found a radiant altar of Vehumet.
 23199 | Snake:1  | 23199 ||| Stepping ~*~*~tactically~*~*~ (hiding).
 23216 | Snake:1  | 23216 ||| INVOKING Heroism.
 23283 | Snake:1  | 23283 ||| READING scroll of enchant armour.
 23283 | Snake:1  | 23283 ||| ENCHANTING +2 crystal plate armour.
 23335 | Snake:1  | 23335 ||| Stepping ~*~*~tactically~*~*~ (hiding).
 23346 | Snake:1  | Received a gift from Okawaru
 23398 | Snake:1  | 23398 ||| Stepping ~*~*~tactically~*~*~ (hiding).
 23692 | Snake:1  | 23692 ||| DROPPING amulet of magic regeneration.
 23693 | Snake:1  | 23693 ||| READING scroll labelled WABRAN WYUTH.
 23712 | Snake:2  | 23712 ||| INVOKING Heroism.
 23712 | Snake:2  | Noticed Vashnia
 23723 | Snake:2  | Killed Vashnia
 23763 | Snake:2  | 23763 ||| Stepping ~*~*~tactically~*~*~ (stealth).
 23844 | Snake:2  | Received a gift from Okawaru
 23864 | Snake:2  | 23864 ||| Stepping ~*~*~tactically~*~*~ (stealth).
 23865 | Snake:2  | 23865 ||| Stepping ~*~*~tactically~*~*~ (stealth).
 23867 | Snake:2  | 23867 ||| Stepping ~*~*~tactically~*~*~ (stealth).
 23878 | Snake:2  | 23878 ||| Stepping ~*~*~tactically~*~*~ (stealth).
 23890 | Snake:2  | 23890 ||| Stepping ~*~*~tactically~*~*~ (stealth).
 23973 | Snake:2  | Identified the +5 whip of Famine {heavy, Drain rElec SInv}
 24014 | Snake:2  | Received a gift from Okawaru
 24024 | Snake:2  | 24024 ||| INVOKING Heroism.
 24237 | Snake:2  | 24237 ||| Stepping ~*~*~tactically~*~*~ (hiding).
 24253 | Snake:2  | 24253 ||| Stepping ~*~*~tactically~*~*~ (hiding).
 24289 | Snake:2  | 24289 ||| Stepping ~*~*~tactically~*~*~ (stealth).
 24292 | Snake:2  | 24292 ||| Stepping ~*~*~tactically~*~*~ (stealth).
 24297 | Snake:2  | 24297 ||| Stepping ~*~*~tactically~*~*~ (stealth).
 24298 | Snake:2  | 24298 ||| Stepping ~*~*~tactically~*~*~ (stealth).
 24300 | Snake:2  | 24300 ||| Stepping ~*~*~tactically~*~*~ (hiding).
 24317 | Snake:2  | 24317 ||| Stepping ~*~*~tactically~*~*~ (stealth).
 24429 | Snake:1  | 24429 ||| Stepping randomly (stuck).
 24496 | Snake:1  | 24496 ||| BUYING potion of lignification (54 gold).
 24496 | Snake:1  | Bought a potion of lignification for 54 gold pieces
 24496 | Snake:1  | 24496 ||| BUYING potion of might (72 gold).
 24496 | Snake:1  | Bought a potion of might for 72 gold pieces
 24496 | Snake:1  | 24496 ||| Stepping randomly (stuck).
 24528 | Snake:2  | 24528 ||| Stepping ~*~*~tactically~*~*~ (hiding).
 24529 | Snake:2  | 24529 ||| Stepping ~*~*~tactically~*~*~ (hiding).
 24837 | Snake:3  | Received a gift from Okawaru
 24875 | Snake:3  | 24875 ||| INVOKING Heroism.
 24983 | Snake:3  | 24983 ||| Stepping ~*~*~tactically~*~*~ (hiding).
 24990 | Snake:3  | Reached XP level 18. HP: 114/114 MP: 25/25
 24990 | Snake:3  | 24990 ||| Stepping ~*~*~tactically~*~*~ (stealth).
 25024 | Snake:3  | 25024 ||| Stepping ~*~*~tactically~*~*~ (stealth).
 25044 | Snake:3  | 25044 ||| DROPPING +8 broad axe of Rutt {flame, rElec rPois
                  | rF+}.
 25082 | Snake:3  | 25082 ||| Stepping ~*~*~tactically~*~*~ (hiding).
 25198 | Snake:3  | 25198 ||| INVOKING Heroism.
 25611 | Snake:3  | Noticed Aizul
 25612 | Snake:3  | 25612 ||| INVOKING Heroism.
 25613 | Snake:3  | 25613 ||| INVOKING Finesse.
 25622 | Snake:3  | Killed Aizul
 25687 | Snake:3  | 25687 ||| PLANNING SHOALS:1-3
 25788 | Shoals:1 | Entered Level 1 of the Shoals
 25839 | Shoals:1 | Noticed Nikola
 25840 | Shoals:1 | 25840 ||| INVOKING Heroism.
 25841 | Shoals:1 | 25841 ||| INVOKING Finesse.
 25849 | Shoals:1 | Killed Nikola
 26120 | Shoals:1 | 26120 ||| Stepping ~*~*~tactically~*~*~ (hiding).
 26264 | Shoals:1 | Reached skill level 18 in Axes
 26359 | Shoals:1 | 26359 ||| Stepping ~*~*~tactically~*~*~ (stealth).
 26369 | Shoals:1 | Identified the +1 plate armour "Kaohua" {rN++ Str+4}
                  | (Okawaru gifted it to you on level 1 of the Shoals)
 26369 | Shoals:1 | Received a gift from Okawaru
 26370 | Shoals:1 | Reached skill level 3 in Throwing
 26378 | Shoals:1 | 26378 ||| Stepping ~*~*~tactically~*~*~ (stealth).
 26384 | Shoals:1 | 26384 ||| Stepping ~*~*~tactically~*~*~ (stealth).
 26386 | Shoals:1 | 26386 ||| Stepping ~*~*~tactically~*~*~ (stealth).
 26770 | Shoals:2 | Noticed Louise
 26778 | Abyss:3  | Cast into level 3 of the Abyss (Louise)
 26808 | Abyss:3  | 26808 ||| Stepping ~*~*~tactically~*~*~ (stealth).
 26818 | Abyss:3  | Found a corrupted altar of Lugonu.
 26843 | Abyss:3  | 26843 ||| Stepping ~*~*~tactically~*~*~ (stealth).
 26853 | Abyss:3  | Found a corrupted altar of Lugonu.
 26865 | Abyss:3  | Found a corrupted altar of Lugonu.
 26865 | Abyss:3  | Found a corrupted altar of Lugonu.
 26903 | Abyss:3  | 26903 ||| Stepping ~*~*~tactically~*~*~ (stealth).
 26916 | Abyss:3  | 26916 ||| Stepping ~*~*~tactically~*~*~ (stealth).
 26919 | Abyss:3  | 26919 ||| Stepping ~*~*~tactically~*~*~ (stealth).
 26921 | Abyss:3  | 26921 ||| Stepping ~*~*~tactically~*~*~ (stealth).
 26922 | Abyss:3  | 26922 ||| Stepping ~*~*~tactically~*~*~ (stealth).
 26929 | Abyss:3  | 26929 ||| Stepping ~*~*~tactically~*~*~ (stealth).
 26930 | Abyss:3  | 26930 ||| Stepping ~*~*~tactically~*~*~ (stealth).
 26932 | Abyss:3  | 26932 ||| Stepping ~*~*~tactically~*~*~ (stealth).
 26961 | Abyss:3  | 26961 ||| Stepping ~*~*~tactically~*~*~ (stealth).
 26964 | Abyss:3  | 26964 ||| Stepping ~*~*~tactically~*~*~ (stealth).
 26965 | Abyss:3  | 26965 ||| Stepping ~*~*~tactically~*~*~ (stealth).
 26966 | Abyss:3  | 26966 ||| Stepping ~*~*~tactically~*~*~ (stealth).
 26969 | Abyss:3  | 26969 ||| Stepping ~*~*~tactically~*~*~ (stealth).
 26972 | Abyss:3  | 26972 ||| Stepping ~*~*~tactically~*~*~ (stealth).
 26973 | Abyss:3  | 26973 ||| Stepping ~*~*~tactically~*~*~ (stealth).
 26997 | Abyss:3  | 26997 ||| Stepping ~*~*~tactically~*~*~ (stealth).
 27069 | Abyss:3  | 27069 ||| Stepping ~*~*~tactically~*~*~ (stealth).
 27070 | Abyss:3  | 27070 ||| Stepping ~*~*~tactically~*~*~ (stealth).
 27071 | Abyss:3  | 27071 ||| Stepping ~*~*~tactically~*~*~ (stealth).
 27073 | Abyss:3  | 27073 ||| Stepping ~*~*~tactically~*~*~ (stealth).
 27074 | Abyss:3  | 27074 ||| Stepping ~*~*~tactically~*~*~ (stealth).
 27076 | Abyss:3  | 27076 ||| Stepping ~*~*~tactically~*~*~ (stealth).
 27090 | Abyss:3  | 27090 ||| INVOKING Heroism.
 27094 | Abyss:3  | 27094 ||| Stepping ~*~*~tactically~*~*~ (stealth).
 27097 | Abyss:3  | 27097 ||| Stepping ~*~*~tactically~*~*~ (stealth).
 27103 | Abyss:3  | 27103 ||| Stepping ~*~*~tactically~*~*~ (stealth).
 27105 | Abyss:3  | 27105 ||| Stepping ~*~*~tactically~*~*~ (stealth).
 27125 | Abyss:3  | 27125 ||| Stepping ~*~*~tactically~*~*~ (stealth).
 27126 | Abyss:3  | 27126 ||| Stepping ~*~*~tactically~*~*~ (stealth).
 27140 | Abyss:3  | 27140 ||| Stepping ~*~*~tactically~*~*~ (stealth).
 27199 | Shoals:2 | Escaped the Abyss
 27206 | Shoals:2 | Killed Louise
 27210 | Shoals:2 | 27210 ||| INVOKING Heroism.
 27457 | Shoals:2 | 27457 ||| INVOKING Heroism.
 27695 | Shoals:2 | 27695 ||| Stepping ~*~*~tactically~*~*~ (hiding).
 27697 | Shoals:2 | 27697 ||| Stepping ~*~*~tactically~*~*~ (hiding).
 27699 | Shoals:2 | 27699 ||| Stepping ~*~*~tactically~*~*~ (stealth).
 27701 | Shoals:2 | 27701 ||| Stepping ~*~*~tactically~*~*~ (stealth).
 27774 | Shoals:2 | 27774 ||| Stepping ~*~*~tactically~*~*~ (hiding).
 28089 | Shoals:2 | 28089 ||| READING 15 scrolls of identify.
 28089 | Shoals:2 | 28089 ||| IDENTIFYING fuming purple potion
 28090 | Shoals:2 | 28090 ||| DROPPING potion of invisibility.
 28120 | Shoals:3 | 28120 ||| Stepping ~*~*~tactically~*~*~ (hiding).
 28358 | Shoals:3 | 28358 ||| Stepping ~*~*~tactically~*~*~ (hiding).
 28359 | Shoals:3 | 28359 ||| Stepping ~*~*~tactically~*~*~ (hiding).
 28519 | Shoals:3 | 28519 ||| Stepping ~*~*~tactically~*~*~ (hiding).
 28528 | Shoals:3 | 28528 ||| INVOKING Heroism.
 28578 | Shoals:3 | 28578 ||| INVOKING Heroism.
 28579 | Shoals:3 | 28579 ||| INVOKING Finesse.
 28740 | Shoals:3 | 28740 ||| INVOKING Heroism.
 28856 | Shoals:3 | 28856 ||| Stepping ~*~*~tactically~*~*~ (stealth).
 28977 | Shoals:3 | 28977 ||| PLANNING SNAKE:4
 29149 | Snake:4  | Entered Level 4 of the Snake Pit
 29162 | Snake:4  | Reached skill level 18 in Shields
 29199 | Snake:4  | 29199 ||| Stepping ~*~*~tactically~*~*~ (stealth).
 29200 | Snake:4  | 29200 ||| Stepping ~*~*~tactically~*~*~ (stealth).
 29277 | Snake:4  | 29277 ||| Stepping ~*~*~tactically~*~*~ (hiding).
 29280 | Snake:4  | 29280 ||| Stepping ~*~*~tactically~*~*~ (hiding).
 29281 | Snake:4  | 29281 ||| INVOKING Heroism.
 29283 | Snake:4  | 29283 ||| Stepping ~*~*~tactically~*~*~ (hiding).
 29297 | Snake:4  | Received a gift from Okawaru
 29387 | Snake:4  | 29387 ||| INVOKING Heroism.
 29394 | Snake:4  | HP: 29/116 [salamander tyrant (9)]
 29395 | Snake:4  | 29395 ||| READING 14 scrolls of teleportation.
 29401 | Snake:4  | HP: 27/116 [constriction (4)]
 29401 | Snake:4  | HP: 13/116 [naga/+0 glaive (14)]
 29402 | Snake:4  | 29402 ||| READING 13 scrolls of teleportation.
 29402 | Snake:4  | Demolished by a naga

Levels and vault maps discovered:
D:1:      dpeg_arrival_orchard, layout_basic,
          hellmonk_ecumenical_altar_heavens_door, serial_shops,
          nicolae_shop_hallway_stairs, chequers_serial_rivers_small_a,
          minmay_quantized
D:2:      layout_rooms, uniq_sigmund
D:3:      layout_loops_ring, grunt_temple_overflow_cloverleaf,
          gammafunk_ghost_split, nrook_mini_vaults, minmay_misc_feat_roman
D:4:      layout_cave_pods, serial_bayou_pond_a
D:5:      layout_loops_cross, hangedman_ru_absence, serial_shops,
          nicolae_shop_mannequins
D:6:      layout_loops_ring, lemuel_zombie_altar_kikubaaqudgha,
          minmay_temple_entry_wispy, uniq_maggie
D:7:      layout_rooms, minmay_misc_feat_hallway, uniq_menkaure
D:8:      layout_loops_ring, uniq_joseph
D:9:      layout_basic, trog_three_pillars_becter, enter_bailey_3,
          nicolae_figureground_sparkle
D:10:     layout_grid_maze
D:11:     nicolae_hexawheel, layout_basic, grunt_lair_entry_orc_guard_hut,
          slow_altar_2, uniq_harold
D:12:     layout_irregular_city, erik_orc_4, biasface_ghost_orc_armoury
D:13:     layout_irregular_city, grunt_vaults_entry_tiered, serial_column_ruins,
          column_ruins_hut_ruined, column_ruins_square_huge,
          column_ruins_columns_straight, column_ruins_grid_1,
          column_ruins_open_tiny, column_ruins_open_small,
          column_ruins_columns_straight, gammafunk_ghost_hive
D:14:     minmay_two_paths, layout_basic, serial_shops, shop,
          nicolae_trove_entry_free_sample
D:15:     gammafunk_depths_entry_grave, layout_basic,
          portal_ice_cave_entry_pillars_1, nicolae_gozag_seed_capital,
          uniq_roxanne
Lair:1:   layout_regular_city, serial_bayou, serial_bayou_pond_a,
          serial_bayou_crossing, serial_bayou_pond_a, serial_bayou_ford_a
Lair:2:   nzn_winding_woodlands_huge [nzn_winding_woodlands_5x15_concentric,
          nzn_winding_woodlands_5x15_pathside_ponds,
          nzn_winding_woodlands_5x15_longhouse,
          nzn_winding_woodlands_5x15_garden,
          nzn_winding_woodlands_5x15_river_crossing,
          nzn_winding_woodlands_5x15_pockets, nzn_winding_woodlands_5x15_zeroes,
          nzn_winding_woodlands_5x15_default, nzn_winding_woodlands_5x15_jagged,
          nzn_winding_woodlands_5x15_cabin,
          nzn_winding_woodlands_center_triple_pond,
          nzn_winding_woodlands_center_pierced_h,
          nzn_winding_woodlands_15x15_five_gardens], layout_gridlike,
          nicolae_snake_entry_warm_welcome, beast_lair_carwin_6,
          lemuel_fruit_fields
Lair:3:   layout_long_grid, shoals_dummy_entry, grunt_megastairs_3
Lair:4:   layout_long_grid
Lair:5:   minmay_lair_end_enchanted_forest, layout_small_grid,
          dpeg_slime_entry_enclosed, minmay_lair_drake_nest
Shoals:1: layout_shoals, uniq_nikola
Shoals:2: layout_shoals, uniq_louise
Shoals:3: layout_shoals
Snake:1:  layout_basic, serial_shops, nicolae_take_the_stairs, basic_altar,
          hangedman_snake_sidewinding
Snake:2:  layout_misc_corridors, uniq_vashnia
Snake:3:  layout_gridlike, drop_trap, serial_bayou_shore_b, uniq_aizul
Snake:4:  snake_pit, layout_chambers, uniq_mlioglotl
Orc:1:    layout_caves, gammafunk_ghost_wrathful_warriors, enter_volcano_4,
          uniq_fannar
Orc:2:    st_orc_ogre_mass, layout_diamond_mine, serial_shops,
          nicolae_shop_just_a_little_nook, uniq_sonja, uniq_josephine,
          uniq_snorg

Skill      XL: |  1  2  3  4  5  6  7  8  9 10 11 12 13 14 15 16 17 18 |
---------------+-------------------------------------------------------+-----
Axes           | 2 3 5 6 7 8 9 10 11 13 14 15 16 17 18 | 18.0
Fighting       | 4 6 7 8 9 10 11 12 13 14 | 14.0
Invocations    | 3 4 8 10 | 10.1
Armour         | 5 6 7 8 9 10 11 12 13 16 17 | 17.1
Throwing       | 1 2 3 |  3.0
Shields        | 4 5 6 8 12 13 16 17 18 | 18.0
Dodging        | 1 2 4 5 |  5.1

Action                     |  1- 3 |  4- 6 |  7- 9 | 10-12 | 13-15 | 16-18 || total
---------------------------+-------+-------+-------+-------+-------+-------++-------
  Melee: War axe           |    64 |       |       |       |       |       ||    64
         Broad axe         |    14 |    50 |   171 |   350 |   883 |   995 ||  2463
  Throw: Boomerang         |       |       |    33 |   130 |    49 |   169 ||   381
 Invoke: Heroism           |       |       |    12 |    23 |    20 |    25 ||    80
         Finesse           |       |       |       |     5 |     9 |     6 ||    20
    Use: Scroll            |     4 |     5 |     7 |    11 |     6 |     5 ||    38
         Potion            |       |     1 |     1 |     2 |       |       ||     4
   Stab: Distracted        |       |       |       |     2 |    11 |    27 ||    40
 Armour: Scale mail        |    39 |     7 |       |       |       |       ||    46
         Plate armour      |       |    13 |    92 |   134 |   317 |    51 ||   607
         Crystal plate arm |       |       |       |       |       |   194 ||   194
  Dodge: Dodged            |    25 |    14 |    37 |    74 |   146 |   147 ||   443
  Block: Buckler           |    12 |     6 |    28 |    53 |    26 |       ||   125
         Kite shield       |       |       |       |       |   221 |    11 ||   232
         Tower shield      |       |       |       |       |       |   628 ||   628

Table legend:
 A = Non-vault XP
 B = Vault XP
 C = Vault XP percentage of total XP
 D = Non-vault monster count
 E = Vault monster count
 F = Vault count percentage of total count
                 A         B        C        D         E       F
            +---------+---------+-------+---------+---------+-------
      Total |  193760 |  116899 |  37.6 |     726 |     305 |  29.6
            +---------+---------+-------+---------+---------+-------
        D:1 |      31 |       0 |   0.0 |      19 |       0 |   0.0
        D:2 |      56 |     231 |  80.5 |      15 |       1 |   6.2
        D:3 |     192 |       0 |   0.0 |      12 |       0 |   0.0
        D:4 |     550 |       0 |   0.0 |      18 |       0 |   0.0
        D:5 |     487 |       0 |   0.0 |      20 |       0 |   0.0
        D:6 |     843 |     397 |  32.0 |      16 |       3 |  15.8
        D:7 |    1133 |     175 |  13.4 |      24 |       1 |   4.0
        D:8 |     837 |     481 |  36.5 |       9 |       1 |  10.0
        D:9 |    1007 |       7 |   0.7 |      13 |       4 |  23.5
       D:10 |    1506 |       0 |   0.0 |      26 |       0 |   0.0
       D:11 |    4006 |    9440 |  70.2 |      20 |      24 |  54.5
       D:12 |    7499 |     684 |   8.4 |      39 |      15 |  27.8
       D:13 |    5708 |    7579 |  57.0 |      21 |      25 |  54.3
       D:14 |   15031 |   10343 |  40.8 |      27 |      14 |  34.1
       D:15 |    7310 |    5224 |  41.7 |      21 |       9 |  30.0
     Lair:1 |    6796 |      88 |   1.3 |      26 |       1 |   3.7
     Lair:2 |    5848 |   19022 |  76.5 |      17 |      60 |  77.9
     Lair:3 |    6567 |     618 |   8.6 |      22 |       2 |   8.3
     Lair:4 |    7871 |     116 |   1.5 |      32 |       1 |   3.0
     Lair:5 |    7801 |   10406 |  57.2 |      29 |      52 |  64.2
   Shoals:1 |    9284 |    2275 |  19.7 |      22 |       1 |   4.3
   Shoals:2 |   13256 |    1175 |   8.1 |      31 |       1 |   3.1
   Shoals:3 |   11622 |       0 |   0.0 |      21 |       0 |   0.0
    Snake:1 |   23276 |   10885 |  31.9 |      46 |      21 |  31.3
    Snake:2 |   20444 |    5227 |  20.4 |      43 |       4 |   8.5
    Snake:3 |    8983 |    1176 |  11.6 |      19 |       1 |   5.0
    Snake:4 |    6823 |    5369 |  44.0 |      15 |       7 |  31.8
      Orc:1 |    5520 |     909 |  14.1 |      51 |       1 |   1.9
      Orc:2 |    2233 |   25072 |  91.8 |      26 |      56 |  68.3
    Abyss:3 |   11240 |       0 |   0.0 |      26 |       0 |   0.0
            +---------+---------+-------+---------+---------+-------
